 Dungeon Crawl Stone Soup version 0.23.2-30-g0e89c35649 (webtiles) character file.

Game seed: 271401243519397718

15117 Mrkan the Blocker (level 11, -3/99 HPs)
             Began as a Troll Fighter on June 24, 2019.
             Was an Elder of Ru.
             Killed from afar by a starcursed mass (9 damage)
             ... with an accursed screaming
             ... on level 1 of the Abyss.
             The game lasted 00:25:32 (9283 turns).

Mrkan the Blocker (Troll Fighter)                   Turns: 9283, Time: 00:25:33

Health: -3/99      AC: 22    Str: 31    XL:     11   Next: 97%
Magic:  7/10       EV:  8    Int:  7    God:    Ru [****..]
Gold:   685        SH: 22    Dex: 12    Spells: 10/10 levels left

rFire    + + .     SeeInvis .     - Unarmed
rCold    x . .     Gourm    +   F - +2 large shield {AC+3}
rNeg     . . .     Faith    .   K - +6 fire dragon scales "Unnogefa" {rF++ rC- Int+3}
rPois    +         Spirit   .   (helmet restricted)
rElec    .         Reflect  .   (no cloak)
rCorr    .         Harm     .   (gloves unavailable)
MR       .....                  (boots unavailable)
Stlth    ..........             (no amulet)
HPRegen  0.66/turn              x - ring of poison resistance
MPRegen  0.12/turn              w - +1 ring of protection

@: mighty, exhausted, overwhelmed with horror, glowing
A: large, unfitting armour, claws 3, talons 1, fast metabolism 3, frail 1,
gourmand, poison resistance, regeneration 1, shaggy fur 1, tough skin 3,
evolution 1, no stealth, inability to use devices, cowardly, MP-powered wands
a: Draw Out Power, Power Leap, Renounce Religion


You were on level 1 of the Abyss.
You worshipped Ru.
Ru was greatly pleased with you.
You were not hungry.

You visited 2 branches of the dungeon, and saw 12 of its levels.
You visited the Abyss 1 time.

You collected 685 gold pieces.

Inventory:

Hand Weapons
 t - a +1 giant spiked club
 A - a +2 mace of holy wrath
 I - a cursed -2 flail
Armour
 F - a +2 large shield of protection (worn)
 H - a +2 robe of magic resistance
 K - the +6 fire dragon scales "Unnogefa" (worn) {rF++ rC- Int+3}
   (You found it on level 9 of the Dungeon)

   It affects your intelligence (+3).
   It greatly protects you from fire.
   It makes you vulnerable to cold.
Jewellery
 p - an uncursed ring of protection from magic
 w - a +1 ring of protection (right claw)
 x - a ring of poison resistance (left claw)
 E - an uncursed ring of positive energy
 L - an uncursed amulet of faith
 M - the ring of Undoing {Wiz +Blink}
   (You found it on level 9 of the Dungeon)

   [ring of wizardry]

   It improves your spell success rate.
   It lets you blink.
 N - an uncursed ring of ice {unknown}
Wands
 s - a wand of iceblast (28)
 G - a wand of flame (40)
Scrolls
 a - a scroll of remove curse {unknown}
 e - 2 scrolls of fear
 g - 4 scrolls of enchant weapon
 i - 2 scrolls of teleportation
 n - 2 scrolls of identify
 o - a scroll of vulnerability {unknown}
 r - 4 scrolls of amnesia {unknown}
 v - 2 scrolls of fog {unknown}
 y - 2 scrolls of noise {unknown}
 z - 2 scrolls of magic mapping {unknown}
 B - a scroll of summoning {unknown}
 C - a scroll of random uselessness {unknown}
 J - a scroll of immolation {unknown}
Potions
 b - a potion of mutation
 c - a potion of might
 f - 2 potions of lignification
 h - a potion of resistance {unknown}
 j - 5 potions of ambrosia {unknown}
 k - 3 potions of curing {unknown}
 l - a potion of invisibility {unknown}
 m - 2 potions of heal wounds
 q - 2 potions of haste {unknown}
 u - a potion of berserk rage {unknown}
 D - 4 potions of degeneration {unknown}
 O - 2 potions of flight {unknown}
Comestibles
 d - 28 rations


   Skills:
 + Level 7.9 Fighting
 - Level 4.1 Maces & Flails
 - Level 2.4 Dodging
 * Level 12.0 Shields
 - Level 9.4 Unarmed Combat


You had 10 spell levels left.
You didn't know any spells.
Your spell library contained the following spells:

 Spells                   Type           Power        Failure   Level  Hunger
 Apportation              Tloc           #.....       91%         1    ##.....
 Corona                   Hex            #......      91%         1    ##.....
 Sandblast                Erth           #.....       91%         1    ##.....
 Summon Butterflies       Summ           #.......     91%         1    ##.....
 Summon Small Mammal      Summ           #...         91%         1    ##.....
 Call Imp                 Summ           #.......     97%         2    ###....
 Passwall                 Tmut/Erth      #.......     97%         2    ###....
 Slow                     Hex            #.......     97%         2    ###....
 Call Canine Familiar     Summ           #.......     100%        3    ####...
 Inner Flame              Hex/Fire       #.......     100%        3    ####...
 Lesser Beckoning         Tloc           #.........   100%        3    ####...
 Portal Projectile        Hex/Tloc       #.....       100%        3    ####...
 Stone Arrow              Conj/Erth      #.....       100%        3    ####...
 Summon Guardian Golem    Hex/Summ       #.......     100%        3    ####...
 Tukima's Dance           Hex            #.......     100%        3    ####...
 Cause Fear               Hex            #.........   100%        4    #####..
 Leda's Liquefaction      Hex/Erth       #.........   100%        4    #####..
 Petrify                  Tmut/Erth      #.......     100%        4    #####..
 Summon Ice Beast         Ice/Summ       #.......     100%        4    #####..
 Summon Lightning Spire   Summ/Air       #.......     100%        4    #####..
 Alistair's Intoxication  Tmut/Pois      #.......     100%        5    ######.
 Lee's Rapid Deconstruct  Erth           #.........   100%        5    ######.
 Invisibility             Hex            #.......     100%        6    #######


Dungeon Overview and Level Annotations

Branches:
Dungeon (11/15)            Temple (1/1) D:4             Orc (0/2) D:9
   Lair: D:8-11

Altars:
Ashenzari
Cheibriados
Dithmenos
Elyvilon
Fedhas
Gozag
Hepliaklqana
Kikubaaqudgha
Makhleb
Nemelex Xobeh
Okawaru
Qazlal
Ru
Sif Muna
Trog
Uskayaw
Vehumet
Wu Jian
Xom
Yredelemnul
Zin
The Shining One

Shops:
D:8 [


Innate Abilities, Weirdness & Mutations

You are too large for most types of armour.
You have claws for hands.
Your metabolism is lightning-fast.
You like to eat raw meat.
Your natural rate of healing is unusually fast.
You are covered in fur. (AC +1)
You have extremely tough skin. (AC +3)
You cannot be stealthy.
You cannot study or use magical devices.
Your cowardice makes you less effective in combat with threatening monsters.
You have sharp toenails.
You are frail. (-10% HP)
Your system is resistant to poisons. (rPois)
You evolve.
You expend magic power (3 MP) to strengthen your wands.


Message History

You feel very mighty all of a sudden. The angel hits you but does no damage.
You block the angel's attack. A chorus of shrieks assaults your mind.
* * * LOW HITPOINT WARNING * * *
You focus your will and blind the starcursed mass in retribution!
You barely miss the angel. Your kick misses the angel.
The angel is lightly wounded.
You block the angel's attack. x2
The angel is stunned by your will and fails to attack.
A chorus of shrieks assaults your mind.
* * * LOW HITPOINT WARNING * * *
You miss the angel. Your kick misses the angel.
The angel is lightly wounded.
The starcursed mass is no longer blind.
You block the angel's attack. x2
A chorus of shrieks assaults your mind.
* * * LOW HITPOINT WARNING * * *
You miss the angel.
The angel is lightly wounded.
A chorus of shrieks assaults your mind.
You die...

. ##.. ..
# # #. .#
# # .### #
# #..#
#4#... #
.#... # ..
X .# ..# #
.X #X ..
.# ##. #..
##. . #
##.# ### #
. . # ..
## #@# #
###..###A#
# .####X##
#.. #XX.#
#...#..
#4X## #
.#.#.#..
## #.
###z... #
. #
..#.##. #
# . #..
#.# .


You could see 3 starcursed masses, an angel, a large abomination, a hellwing and
a wight.

Vanquished Creatures
  A centaur warrior (D:9)
  A two-headed ogre (D:10)
  A tengu warrior (D:11)
  A sun demon (Abyss:1)
  A skeletal warrior (D:10)
  An unseen horror (D:10)
  A necromancer (D:10)
  A deep elf mage (D:9)
  A worldbinder (Abyss:1)
  5 centaur zombies (D:10)
  2 smoke demons (Abyss:1)
  A troll (D:9)
  Grinder (D:3)
  4 flying skulls (D:10)
  A hippogriff (D:9)
  4 shadows (D:10)
  4 yaks (D:9)
  A fire bat (Abyss:1)
  Grum (D:10)
  A hungry ghost (D:8)
  A vampire mosquito (D:9)
  A chaos spawn (Abyss:1)
  A soldier ant (D:8)
  2 orc warriors
  A water moccasin (D:8)
  A small abomination (Abyss:1)
  3 ogres
  2 sky beasts
  2 black bears
  2 necrophages
  An eye of draining (D:11)
  A phantom (D:5)
  4 wolves (D:10)
  3 centaurs
  2 big kobolds
  8 bullfrogs
  A wyvern zombie (D:10)
  A water moccasin zombie (D:10)
  4 scorpions
  7 wights
  2 howler monkeys (D:9)
  A starcursed mass (Abyss:1)
  2 bullfrog zombies
  12 hounds
  A quasit (D:9)
  3 orc priests
  A gnoll shaman (D:8)
  3 jellies
  2 centaur skeletons
  6 bullfrog skeletons
  4 iguanas
  8 orc wizards
  5 worker ants
  2 killer bee zombies (D:10)
  2 hound zombies
  2 hound skeletons
  A howler monkey zombie (D:8)
  A worker ant zombie (D:6)
  5 gnolls (D:8)
  A howler monkey skeleton (D:9)
  12 adders
  4 shadow imps (D:9)
  A white imp (Abyss:1)
  An adder zombie (D:6)
  5 adder skeletons
  3 worms (D:2)
  6 dart slugs
  4 leopard geckos
  31 orcs
  14 bats
  8 giant cockroaches
  2 gnoll zombies (D:6)
  5 goblins
  9 hobgoblins
  2 jackals (D:2)
  4 quokkas
  A ball python (D:5)
  6 frilled lizards
  11 kobolds
  A leopard gecko skeleton (D:7)
  A quokka skeleton (D:10)
  6 rats
283 creatures vanquished.

Vanquished Creatures (others)
  A water moccasin (D:11)
  An ogre (D:10)
  25 fungi (D:11)
  A lurking horror (Abyss:1)
  6 plants (D:11)
34 creatures vanquished.

Grand Total: 317 creatures vanquished

Notes
Turn   | Place    | Note
-------+----------+-------------------------------------------
     0 | D:1      | Mrkan the Troll Fighter began the quest for the Orb.
     0 | D:1      | Reached XP level 1. HP: 22/22 MP: 0/0
   153 | D:1      | Reached XP level 2. HP: 29/29 MP: 1/1
   510 | D:2      | Reached XP level 3. HP: 36/36 MP: 2/2
   819 | D:2      | Reached XP level 4. HP: 44/44 MP: 3/3
  1400 | D:3      | Noticed an ogre
  1423 | D:3      | Killed an ogre
  1423 | D:3      | Reached skill level 5 in Unarmed Combat
  1423 | D:3      | Reached XP level 5. HP: 16/50 MP: 4/4
  1632 | D:3      | Noticed Grinder
  1647 | D:3      | Killed Grinder
  1647 | D:3      | Reached XP level 6. HP: 14/59 MP: 5/5
  1930 | D:4      | Reached XP level 7. HP: 57/66 MP: 6/6
  2026 | D:4      | Found a snail-covered altar of Cheibriados.
  2074 | D:4      | Noticed a +0 hand axe
  2075 | D:4      | Noticed a +0 hand axe
  2076 | D:4      | You fall through a shaft for 2 floors!
  2188 | D:5      | Entered Level 5 of the Dungeon
  2557 | D:5      | Found a stormy altar of Qazlal.
  2605 | D:5      | Found a shadowy altar of Dithmenos.
  2851 | D:5      | Found a sparkling altar of Nemelex Xobeh.
  2852 | D:5      | Found a glowing silver altar of Zin.
  3096 | D:4      | Found a hide-covered altar of Uskayaw.
  3127 | D:4      | Reached XP level 8. HP: 74/74 MP: 7/7
  3146 | D:4      | Found a shattered altar of Ashenzari.
  3260 | D:4      | Found a bloodstained altar of Trog.
  3689 | D:4      | Found a staircase to the Ecumenical Temple.
  3692 | D:4      | Reached skill level 1 in Maces & Flails
  3692 | D:4      | Reached skill level 3 in Shields
  3703 | Temple   | Entered the Ecumenical Temple
  3894 | Temple   | Became a worshipper of Ru the Awakened
  4229 | D:6      | Reached skill level 4 in Shields
  4655 | D:6      | Found a basalt altar of Yredelemnul.
  4969 | D:7      | Reached skill level 5 in Shields
  4980 | D:7      | Gained mutation: You cannot be stealthy. [Ru sacrifice]
  5212 | D:7      | Reached XP level 9. HP: 80/80 MP: 8/8
  6129 | D:8      | Reached skill level 6 in Shields
  6287 | D:8      | Found Rifex's Armour Emporium.
  6488 | D:8      | Reached skill level 7 in Shields
  6525 | D:8      | Gained mutation: Your cowardice makes you less effective in
                  | combat with threatening monsters. [Ru sacrifice]
  6525 | D:8      | Reached * piety under Ru
  6525 | D:8      | Reached ** piety under Ru
  7031 | D:9      | Reached skill level 8 in Shields
  7116 | D:9      | Noticed a troll
  7116 | D:9      | Noticed a deep elf mage
  7124 | D:9      | Reached XP level 10. HP: 93/93 MP: 9/9
  7133 | D:9      | Killed a deep elf mage
  7145 | D:9      | Found the +3 warlock's mirror {reflect}
  7197 | D:9      | Found a deep blue altar of Sif Muna.
  7199 | D:9      | Found an opulent altar of Gozag.
  7199 | D:9      | Found a blossoming altar of Fedhas.
  7199 | D:9      | Found a hazy altar of Hepliaklqana.
  7215 | D:9      | Noticed a centaur warrior
  7246 | D:9      | Killed a centaur warrior
  7246 | D:9      | Reached skill level 5 in Fighting
  7246 | D:9      | Reached skill level 9 in Shields
  7286 | D:9      | Got dazzling fire dragon scales
  7298 | D:9      | Got a pitted steel ring
  7396 | D:9      | Found a staircase to the Orcish Mines.
  7650 | D:9      | Found a shimmering altar of Xom.
  7651 | D:9      | Found a hazy altar of Hepliaklqana.
  7805 | D:9      | Identified the +6 fire dragon scales "Unnogefa" {rF++ rC-
                  | Int+3} (You found it on level 9 of the Dungeon)
  7816 | D:9      | Identified the ring of Undoing {Wiz +Blink} (You found it
                  | on level 9 of the Dungeon)
  7819 | D:9      | Gained mutation: You evolve. [potion of mutation]
  7819 | D:9      | Gained mutation: You are frail. (-10% HP) [potion of
                  | mutation]
  7819 | D:9      | Gained mutation: Your system is resistant to poisons.
                  | (rPois) [potion of mutation]
  7819 | D:9      | Gained mutation: You have sharp toenails. [potion of
                  | mutation]
  7938 | D:10     | Entered Level 10 of the Dungeon
  7938 | D:10     | Noticed a two-headed ogre
  7965 | D:10     | Killed a two-headed ogre
  8021 | D:10     | Reached skill level 10 in Shields
  8043 | D:10     | Reached XP level 11. HP: 88/94 MP: 10/10
  8068 | D:10     | Gained mutation: You expend magic power (3 MP) to
                  | strengthen your wands. [evolution]
  8076 | D:10     | Noticed a necromancer
  8129 | D:10     | HP: 4/96 [necromancer/bolt of fire (6)]
  8134 | D:10     | Killed a necromancer
  8232 | D:10     | Gained mutation: You cannot study or use magical devices.
                  | [Ru sacrifice]
  8232 | D:10     | Reached *** piety under Ru
  8232 | D:10     | Reached **** piety under Ru
  8395 | D:10     | Noticed Grum
  8425 | D:10     | Killed Grum
  8444 | D:10     | Reached skill level 11 in Shields
  8528 | D:10     | Noticed a skeletal warrior
  8574 | D:10     | Killed a skeletal warrior
  8656 | D:10     | Killed an unseen horror
  8911 | D:11     | Noticed a tengu warrior
  8951 | D:11     | Killed a tengu warrior
  8966 | D:11     | Cast into level 1 of the Abyss (orc priest)
  9046 | Abyss:1  | Found a corrupted altar of Lugonu.
  9126 | Abyss:1  | Noticed a sun demon
  9142 | Abyss:1  | Killed a sun demon
  9197 | Abyss:1  | Noticed a starcursed mass
  9198 | Abyss:1  | Reached skill level 12 in Shields
  9214 | Abyss:1  | Noticed an angel
  9283 | Abyss:1  | Killed from afar by a starcursed mass

Skill      XL: |  1  2  3  4  5  6  7  8  9 10 11 |
---------------+----------------------------------+-----
Unarmed Combat | 3 4 5 7 9 |  9.4
Maces & Flails | 3 4 |  4.1
Shields        | 5 8 10 12 | 12.0
Fighting       | 4 6 7 |  7.9
Dodging        | |  2.4

Action                   |  1- 3 |  4- 6 |  7- 9 | 10-12 || total
-------------------------+-------+-------+-------+-------++-------
Melee: Unarmed           |    97 |   121 |   389 |   481 ||  1088
       Kick              |       |       |       |   118 ||   118
Invok: Sacrifice Stealth |       |       |     1 |       ||     1
       Sacrifice Courage |       |       |     1 |       ||     1
       Power Leap        |       |       |       |     1 ||     1
       Sacrifice Artific |       |       |       |     1 ||     1
Evoke: Wand              |       |       |     1 |       ||     1
  Use: Scroll            |       |     1 |    10 |     4 ||    15
       Potion            |       |       |       |     6 ||     6
 Stab: Sleeping          |     1 |       |     1 |       ||     2
       Distracted        |       |       |       |     1 ||     1
  Eat: Chunk             |    13 |    10 |    50 |    12 ||    85
       Ration            |       |       |     1 |       ||     1
Armor: Robe              |    41 |    33 |    97 |    14 ||   185
       Fire dragon scale |       |       |       |   189 ||   189
Dodge: Dodged            |    26 |    32 |    90 |    58 ||   206
Block: Shield            |    47 |    63 |   114 |       ||   224
       Large shield      |       |       |    97 |   505 ||   602
